 Dungeon Crawl Stone Soup version 0.29-a0-193-ga21e45360d (webtiles) character file.

Game seed: 5768864147797298135

898 Murumi the Blocker (level 8, -1/62 HPs)
             Began as a Formicid Fighter on Feb 22, 2022.
             Slain by a wyvern zombie (9 damage)
             ... on level 5 of the Dungeon.
             The game lasted 00:13:01 (4290 turns).

Murumi the Blocker (Formicid Fighter)               Turns: 4290, Time: 00:13:01

Health: -1/62      AC: 10    Str: 24    XL:     8   Next: 28%
Magic:  8/8        EV: 10    Int: 10    God:
Gold:   47         SH:  7    Dex: 20    Spells: 7/7 levels left

rFire   . . .      SeeInvis +   o - +0 whip (freeze)
rCold   . . .      Faith    .   c - +0 buckler
rNeg    + . .      Spirit   .   i - +1 scale mail of the Journeyman {Rampage rN+ Int+3 Dex+4}
rPois   .          Reflect  .   (helmet unavailable)
rElec   .          Harm     .   h - +0 cloak
rCorr   .          Rampage  +   j - +0 pair of gloves
Will    .....                   (no boots)
Stlth   +.........              (no amulet)
HPRegen 0.20/turn               k - +6 ring of dexterity
MPRegen 0.11/turn               (no ring)

@: studying Shields
A: permanent stasis, dig shafts and tunnels, antennae 3, four strong arms
a: Dig, Shaft Self


You were on level 5 of the Dungeon.
You visited 1 branch of the dungeon, and saw 5 of its levels.

You collected 191 gold pieces.
You spent 144 gold pieces at shops.

Inventory:

Hand Weapons
 a - a +1 flail
 o - a +0 whip of freezing (weapon)
Armour
 c - a +0 buckler (worn)
 h - a +0 cloak (worn)
 i - the +1 scale mail of the Journeyman (worn) {Rampage rN+ Int+3 Dex+4}
   (You found it on level 3 of the Dungeon)

   Int:       It affects your intelligence (+3).
   Dex:       It affects your dexterity (+4).
   rN:        It protects you from negative energy.
   Rampage:   It bestows one free step when moving towards enemies.
 j - a +0 pair of gloves (worn)
Jewellery
 k - a +6 ring of dexterity (left hand)
Potions
 b - a potion of lignification
 d - 3 potions of might
 e - a potion of mutation {unknown}
 f - a potion of curing
 g - a potion of ambrosia {unknown}
 l - a potion of degeneration {unknown}
 m - a potion of heal wounds {unknown}
 n - a potion of flight {unknown}


   Skills:
 - Level 5.0 Fighting
 - Level 4.0 Maces & Flails
 - Level 5.0 Armour
 - Level 1.0 Dodging
 - Level 3.0 Stealth
 + Level 10.5 Shields


You had 7 spell levels left.
You didn't know any spells.
Your spell library was empty.

Dungeon Overview and Level Annotations

Branches:
Dungeon (5/15)
 Temple: D:4-7

Altars:
Wu Jian
Zin

Shops:
D:3 **[(=   D:5 [


Innate Abilities, Weirdness & Mutations

You cannot be hasted, slowed, berserked, paralysed or teleported.
You can dig through walls and to a lower floor.
You have a pair of large antennae on your head. (SInv)
Your four strong arms can wield two-handed weapons with a shield.


Message History

The wyvern zombie bites you but does no damage.
You hit the wyvern zombie.
The wyvern zombie is heavily damaged.
You block the wyvern zombie's attack.
You hit the wyvern zombie.
The wyvern zombie is severely damaged.
The wyvern zombie bites you.
You hit the wyvern zombie.
The wyvern zombie is severely damaged.
The wyvern zombie bites you. The wyvern zombie bites you!
You are too injured to fight recklessly!
You hit the wyvern zombie but do no damage.
The wyvern zombie is severely damaged.
The wyvern zombie closely misses you.
You hit the wyvern zombie.
The wyvern zombie is severely damaged.
The wyvern zombie barely misses you.
You hit the wyvern zombie but do no damage.
The wyvern zombie is severely damaged.
You block the wyvern zombie's attack.
You hit the wyvern zombie.
The wyvern zombie is almost destroyed.
The wyvern zombie bites you.
The wyvern zombie bites you but does no damage.
You hit the wyvern zombie.
The wyvern zombie is almost destroyed.
The wyvern zombie bites you!
* * * LOW HITPOINT WARNING * * *
You barely miss the wyvern zombie.
The wyvern zombie is almost destroyed.
The wyvern zombie bites you.
* * * LOW HITPOINT WARNING * * *
You hit the wyvern zombie but do no damage.
The wyvern zombie is almost destroyed.
The wyvern zombie bites you!
* * * LOW HITPOINT WARNING * * *
You feel better. The wyvern zombie bites you.
* * * LOW HITPOINT WARNING * * *
The wyvern zombie bites you!
You die...

.....∩ .##
......###..#
......#....#
...........#
.........#
##.......#
###........#
.......@...#
......Z....#
...##..###.....
. .... ....
....# ...
..##.. .. ♣ #..
. $..


You could see a wyvern zombie.

Vanquished Creatures
  Pikel (D:4)
  An ogre (D:4)
  3 lemures (D:4)
  A scorpion (D:4)
  2 hounds (D:4)
  A bullfrog skeleton (D:4)
  An iguana (D:4)
  4 adders
  3 gnolls (D:4)
  An ufetubus (D:3)
  A worm (D:2)
  4 dart slugs
  5 orcs
  9 ball pythons
  7 bats
  An endoplasm (D:1)
  5 giant cockroaches
  6 goblins
  4 hobgoblins
  4 jackals (D:2)
  2 quokkas
  A frilled lizard (D:1)
  8 kobolds
  5 rats
80 creatures vanquished.

Notes
Turn   | Place    | Note
-------+----------+-------------------------------------------
     0 | D:1      | Murumi the Formicid Fighter began the quest for the Orb.
     0 | D:1      | Reached XP level 1. HP: 18/18 MP: 1/1
   112 | D:1      | Reached skill level 4 in Shields
   152 | D:1      | Reached XP level 2. HP: 23/24 MP: 2/2
   222 | D:1      | Identified a scroll of acquirement
   222 | D:1      | Acquired a manual of Shields
   943 | D:2      | Reached XP level 3. HP: 30/30 MP: 3/3
  1357 | D:2      | Reached skill level 1 in Stealth
  1402 | D:2      | Reached XP level 4. HP: 29/37 MP: 4/4
  1486 | D:2      | Found a glowing silver altar of Zin.
  1539 | D:2      | Found a faded altar of an unknown god.
  1820 | D:3      | Found Coenaot's Armour Shop.
  1823 | D:3      | Bought a +0 cloak for 63 gold pieces
  1839 | D:3      | Identified the +1 scale mail of the Journeyman {Rampage rN+
                  | Int+3 Dex+4}
  1876 | D:3      | Found Hoxelit's Weapon Shop.
  1960 | D:3      | Found Gelisahe's Assorted Antiques.
  1965 | D:3      | Bought a glowing brown potion for 25 gold pieces
  1965 | D:3      | Bought a scroll labelled ESUUMO SUHALEN for 28 gold pieces
  1965 | D:3      | Bought a scroll labelled FYSOZU JOLOUNE for 28 gold pieces
  1987 | D:3      | Found Pewnete's General Store.
  2085 | D:3      | Reached skill level 5 in Shields
  2141 | D:3      | Reached skill level 6 in Shields
  2498 | D:3      | Found Desu's Jewellery Shop.
  2613 | D:4      | Reached XP level 5. HP: 42/42 MP: 5/5
  2640 | D:4      | Reached skill level 1 in Dodging
  2781 | D:4      | Reached skill level 7 in Shields
  2849 | D:4      | Reached XP level 6. HP: 39/48 MP: 6/6
  2945 | D:4      | Reached skill level 8 in Shields
  3451 | D:4      | Noticed an ogre
  3457 | D:4      | Killed an ogre
  3458 | D:4      | Reached skill level 9 in Shields
  3458 | D:4      | Reached XP level 7. HP: 23/54 MP: 7/7
  3694 | D:4      | Found an ornate altar of the Wu Jian Council.
  3870 | D:4      | Noticed Pikel
  3891 | D:4      | Killed Pikel
  3892 | D:4      | Reached skill level 10 in Shields
  3892 | D:4      | Reached skill level 5 in Fighting
  3892 | D:4      | Reached skill level 5 in Armour
  3892 | D:4      | Reached XP level 8. HP: 45/62 MP: 8/8
  4180 | D:5      | Entered Level 5 of the Dungeon
  4265 | D:5      | Found Hagaikur's Armour Shoppe.
  4289 | D:5      | HP: 2/62 [wyvern zombie (12)]
  4290 | D:5      | Slain by a wyvern zombie

Illustrated notes

Levels and vault maps discovered:
D:1:      erik_arrival_orb_chamber, layout_basic
D:2:      layout_loops_ring, shapermc_ecumenical_altar_ellora, basic_altar,
          small_statue_intersection
D:3:      layout_loops_ring, serial_shops, shop,
          nicolae_shop_bloodbath_and_beyond, nicolae_shop_window_shopping, shop,
          nicolae_shop_behind_doors
D:4:      layout_cave_pods, nzn_wu_jian_council_hall,
          minmay_misc_feat_four_crosses, uniq_pikel
D:5:      layout_cave_pools, minmay_temple_entry_trees, serial_shops, shop,
          gammafunk_ghost_smash

Skill      XL: |  1  2  3  4  5  6  7 |
---------------+----------------------+-----
Shields        | 4 6 7 9 10 | 10.5
Fighting       | 4 5 |  5.0
Armour         | 4 5 |  5.0
Stealth        | 1 2 3 |  3.0
Dodging        | 1 |  1.0
Maces & Flails | 3 4 |  4.0

Action                   |  1- 3 |  4- 6 |  7- 9 || total
-------------------------+-------+-------+-------++-------
Melee: Flail             |    98 |   146 |    31 ||   275
       Whip              |       |       |    29 ||    29
  Use: Scroll            |     4 |     8 |     1 ||    13
       Potion            |       |       |     1 ||     1
Armor: Scale mail        |    40 |    62 |    15 ||   117
Dodge: Dodged            |    56 |    66 |    22 ||   144
Block: Buckler           |    19 |    47 |    21 ||    87

Table legend: (Time is in decaauts)
 A = Elapsed time spent in this place.
 B = Non-inter-level travel time spent in this place.
 C = Inter-level travel time spent in this place.
 D = Time resting spent in this place.
 E = Time spent auto-exploring this place.
 F = Levels seen in this place.
 G = Mean time per level.
                   A        B        C        D        E       F      G
               +--------+--------+--------+--------+--------+-----+--------+
         Total |   4379 |   4077 |    302 |    264 |   3005 |   5 |  875.8 |
       Dungeon |   4379 |   4077 |    302 |    264 |   3005 |   5 |  875.8 |
               +--------+--------+--------+--------+--------+-----+--------+

Top non-repeatable levels by time:
     D:4: 1698 daAuts
     D:2: 917 daAuts
     D:1: 881 daAuts
     D:3: 853 daAuts
     D:5: 28 daAuts
